 Dungeon Crawl Stone Soup version 0.31-a0-182-gc5ef74bbde (webtiles) character file.

Game seed: 16947397505414669001

25 qw the Shooter (level 3, -1/32 HPs)
             Began as a Naga Hunter on June 20, 2023.
             Slain by an adder (3 damage)
             ... on level 1 of the Dungeon.
             The game lasted 00:00:16 (471 turns).

qw the Shooter (Naga Hunter)                         Turns: 471, Time: 00:00:16

Health: -1/32      AC:  2    Str: 13    XL:     3   Next: 6%
Magic:  3/3        EV:  9    Int:  9    God:
Gold:   69         SH:  0    Dex: 16    Spells: 2/2 levels left

rFire   . . .        Y - +1 shortbow
rCold   . . .        (shield currently unavailable)
rNeg    . . .        c - +0 leather armour
rPois   +            (no helmet)
rElec   .            (no cloak)
rCorr   .            (no gloves)
SInv    +            (no barding)
Will    .....        (no amulet)
Stlth   ++           (no ring)
HPRegen 0.25/turn    (no ring)
MPRegen 0.08/turn

%: no passive effects
@: lethally poisoned (-1 -> -3), very slow
A: AC +1, large, see invisible, deformed body, poison resistance, slowness 2,
spit poison 1, naga tail 1
a: Spit Poison


You were on level 1 of the Dungeon.
You visited 1 branch of the dungeon, and saw 2 of its levels.

You collected 69 gold pieces.


Innate Abilities, Weirdness & Mutations

Your serpentine skin is tough. (AC +1)
You have supernaturally acute eyesight. (SInv)
Armour fits poorly on your strangely shaped body.
Your system is resistant to poisons. (rPois)
You cover ground very slowly.
You can spit poison.
You have a snake-like lower body.


   Skills:
 - Level 2.0 Fighting
 + Level 4.5 Ranged Weapons
 - Level 1.5 Dodging
 - Level 1.5 Stealth


You had 2 spell levels left.
You didn't know any spells.
Your spell library was empty.

Inventory:

Hand Weapons
 Y - a +1 shortbow (weapon)
Armour
 c - a +0 leather armour (worn)
Potions
 e - a potion of enlightenment {unknown}
 f - a potion of degeneration {unknown}
 g - a potion of heal wounds {unknown}

Dungeon Overview and Level Annotations

Branches:
Dungeon (2/15)

Altars:

Annotations:
D:2 Robin


Message History

The goblin hits you but does no damage. The goblin hits you with a +0 club.
The quokka barely misses you.
You climb upwards.
You have got your breath back.
There is a stone staircase leading down here.
466 ||| INVOKING Spit Poison.
Aiming: Spit Poison (2% risk of failure)
Press: ? - help, Shift-Dir - straight line, f - hobgoblin The splash of poison hits the hobgoblin.
The hobgoblin is poisoned.
The hobgoblin is severely wounded.
The hobgoblin hits you. The goblin hits you but does no damage.
You shoot an arrow.
The arrow hits the hobgoblin but does no damage.
The hobgoblin is almost dead.
You kill the hobgoblin!
The goblin hits you with a +0 dagger. The adder barely misses you.
You have reached level 3!
Your experience leads to an increase in your attributes!
Increase (S)trength, (I)ntelligence, or (D)exterity?
You feel agile. x2; Your skin feels tougher.
You shoot an arrow. The arrow hits the adder.
The adder is moderately wounded.
The adder barely misses you. The goblin hits you with a +0 dagger.
You shoot an arrow. The arrow barely misses the adder.
The arrow barely misses the hobgoblin.
The adder bites you.
You are poisoned.
The adder poisons you! The goblin hits you with a +0 dagger.
The adder bites you.
You shoot an arrow. The arrow misses the adder.
The arrow hits the hobgoblin.
You kill the hobgoblin!
You feel sick. The goblin closely misses you. The adder closely misses you.
The goblin hits you with a +0 dagger.
You shoot an arrow. The arrow closely misses the adder.
The arrow hits the goblin!
You kill the goblin!
You have got your breath back.
You feel sick. The adder bites you.
You die...

#..#.# #.................##..#
##.#.# #.................##..#
.#.#.# #........}........##..#
)....# #.......}.}.......##>.#
#....#####.................###.#
###...........############## #.#
##............(........### ###
###........##########...####
#.......wgg@S)...[..#)...##
#........####.......####..#
#############.......## ##.##
######...|...## #...
######.......## ####
######....[..## ######.......##
######.......## ######.......##


You could see a worm, an adder and 2 goblins.

Vanquished Creatures
  A dart slug (D:1)
  3 bats (D:1)
  4 endoplasms (D:1)
  A giant cockroach (D:1)
  4 goblins
  3 hobgoblins (D:1)
  A quokka (D:1)
  A ball python (D:1)
  A frilled lizard (D:1)
  2 rats (D:1)
21 creatures vanquished.

Notes
Turn   | Place    | Note
-------+----------+-------------------------------------------
     0 | D:1      | qw the Naga Hunter began the quest for the Orb.
     0 | D:1      | Reached XP level 1. HP: 19/19 MP: 1/1
     0 | D:1      | 0 ||| qw: Version: 0.3-a-9-g12657ce
     0 | D:1      | 0 ||| qw: Game counter: 1200
     0 | D:1      | 0 ||| qw: Always use a shield: true
     0 | D:1      | 0 ||| qw: God list: Okawaru
     0 | D:1      | 0 ||| qw: Allow faded altars: false
     0 | D:1      | 0 ||| qw: Do Orc after D:15 true
     0 | D:1      | 0 ||| qw: Do second Lair branch before Depths: true
     0 | D:1      | 0 ||| qw: Lair rune preference: random
     0 | D:1      | 0 ||| qw: Plans: Normal
     0 | D:1      | 0 ||| PLANNING D:1-11
    95 | D:1      | 95 ||| INVOKING Spit Poison.
    98 | D:1      | 98 ||| INVOKING Spit Poison.
   123 | D:1      | 123 ||| INVOKING Spit Poison.
   168 | D:1      | Reached skill level 4 in Ranged Weapons
   168 | D:1      | Reached XP level 2. HP: 26/26 MP: 2/2
   186 | D:1      | 186 ||| INVOKING Spit Poison.
   192 | D:1      | 192 ||| INVOKING Spit Poison.
   195 | D:1      | 195 ||| INVOKING Spit Poison.
   203 | D:1      | 203 ||| INVOKING Spit Poison.
   235 | D:1      | 235 ||| INVOKING Spit Poison.
   259 | D:1      | 259 ||| INVOKING Spit Poison.
   265 | D:1      | 265 ||| INVOKING Spit Poison.
   299 | D:1      | 299 ||| INVOKING Spit Poison.
   308 | D:1      | 308 ||| INVOKING Spit Poison.
   444 | D:1      | 444 ||| READING scroll labelled KYTWOIL QEZONK.
   445 | D:1      | 445 ||| READING scroll labelled SIHOLA HOPSICA.
   446 | D:1      | 446 ||| READING scroll labelled DAEMNAPAOR.
   447 | D:1      | 447 ||| READING scroll labelled XIUPRO XANONUR.
   448 | D:1      | 448 ||| DROPPING scroll of butterflies.
   460 | D:2      | Noticed Robin
   460 | D:2      | Found a faded altar of an unknown god.
   461 | D:2      | 461 ||| INVOKING Spit Poison.
   464 | D:2      | 464 ||| STAIRDANCE
   466 | D:1      | 466 ||| INVOKING Spit Poison.
   468 | D:1      | Reached XP level 3. HP: 14/32 MP: 3/3
   469 | D:1      | HP: 6/32 [adder (3)]
   471 | D:1      | HP: 2/32 [poisoned by an adder]
   471 | D:1      | Slain by an adder

Levels and vault maps discovered:
D:1:      wander_arrival_estate, layout_rooms, minmay_tetromino_t2
D:2:      layout_basic, basic_ecumenical_altar, chequers_serial_rivers_small_b,
          chequers_serial_rivers_micro_d, minmay_misc_feat_roman, uniq_terence,
          uniq_robin

Skill      XL: |  1 |
---------------+----+-----
Ranged Weapons | 4 |  4.5
Fighting       | |  2.0
Dodging        | |  1.5
Stealth        | |  1.5

Action                     || total
---------------------------++-------
   Fire: Shortbow          ||    43
Ability: Spit Poison       ||    14
    Use: Scroll            ||     4
 Armour: Leather armour    ||     8
  Dodge: Dodged            ||    24

Table legend:
 A = Non-vault XP
 B = Vault XP
 C = Vault XP percentage of total XP
 D = Non-vault monster count
 E = Vault monster count
 F = Vault count percentage of total count
                 A         B        C        D         E       F
            +---------+---------+-------+---------+---------+-------
      Total |      29 |      10 |  25.6 |      15 |       6 |  28.6
            +---------+---------+-------+---------+---------+-------
        D:1 |      29 |       8 |  21.6 |      15 |       5 |  25.0
        D:2 |       0 |       2 | 100.0 |       0 |       1 | 100.0
            +---------+---------+-------+---------+---------+-------
